 Dungeon Crawl Stone Soup version 0.25-a0-166-g16436c4407 (webtiles) character file.

Game seed: 17822866084124642625, levelgen mode: deterministic

7 Esekla the Caller (level 2, 0/20 HPs)
             Began as a Human Summoner on Nov 25, 2019.
             Slain by a hobgoblin
             ... wielding a +0 club
              (3 damage)
             ... on level 1 of the Dungeon.
             The game lasted 00:05:28 (847 turns).

Esekla the Caller (Human Summoner)                   Turns: 847, Time: 00:05:28

Health: 0/20       AC:  3    Str:  7 (8)  XL:     2   Next: 10%
Magic:  5/5        EV: 12    Int: 13 (15) God:
Gold:   48         SH:  0    Dex: 10 (13) Spells: 4/5 levels left

rFire    . . .     SeeInvis .   e - +0 dagger
rCold    . . .     Gourm    .   (no shield)
rNeg     . . .     Faith    .   a - +0 robe
rPois    .         Spirit   .   (no helmet)
rElec    .         Reflect  .   (no cloak)
rCorr    .         Harm     .   (no gloves)
MR       .....                  b - +0 pair of boots (curse)
Stlth    ++........             (no amulet)
HPRegen  0.06/turn              (no ring)
MPRegen  0.09/turn              (no ring)

@: no status effects
A: no striking features
a: no special abilities


You were on level 1 of the Dungeon.
You were not hungry.

You visited 1 branch of the dungeon, and saw 2 of its levels.

You collected 48 gold pieces.

Inventory:

Hand Weapons
 e - a +0 dagger (weapon)
Armour
 a - a +0 robe (worn)
 b - a cursed +0 pair of boots (worn)
Scrolls
 d - 3 scrolls of identify {unknown}
 g - 2 scrolls of immolation {unknown}
 i - a scroll of noise {unknown}
Potions
 f - a potion of invisibility {unknown}
Comestibles
 c - 2 rations


   Skills:
 * Level 0.7 Fighting
 * Level 2.1 Dodging
 + Level 2.0 Stealth
 * Level 2.2 Spellcasting
 - Level 4.0 Summonings


You had 4 spell levels left.
You knew the following spells:

 Your Spells              Type           Power        Failure   Level  Hunger
a - Summon Small Mammal   Summ           ##..         4%          1    ##.....

Your spell library contained the following spells:

 Spells                   Type           Power        Failure   Level  Hunger
 Call Imp                 Summ           ##......     8%          2    ###....
 Call Canine Familiar     Summ           ##......     14%         3    ####...
 Summon Guardian Golem    Hex/Summ       #.......     32%         3    ####...
 Summon Ice Beast         Ice/Summ       #.......     73%         4    #####..
 Summon Lightning Spire   Summ/Air       #.......     73%         4    #####..


Dungeon Overview and Level Annotations

Branches:
Dungeon (2/15)

Altars:


Message History

You hit the hobgoblin.
The hobgoblin is heavily wounded.
The hobgoblin closely misses you.
You barely miss the hobgoblin.
The hobgoblin is heavily wounded.
The hobgoblin barely misses you.
You barely miss the hobgoblin.
The hobgoblin is moderately wounded.
The hobgoblin hits you but does no damage.
You hit the hobgoblin.
The hobgoblin is heavily wounded.
The hobgoblin closely misses you.
You hit the hobgoblin but do no damage.
The hobgoblin is heavily wounded.
The hobgoblin hits you with a +0 club.
* * * LOW HITPOINT WARNING * * *
You completely miss the hobgoblin.
The hobgoblin is moderately wounded.
The hobgoblin hits you with a +0 club.
You die...

≈.<#....#..............#
8..#....#..............#
#.##....#..............#
.###....#..............#
####....#..............########
...#....#.....(.........†.....#
##.#....#..............######.#
#.##'###..............# #.#
#.##.# .......@......## #.#
#..#.# .......g.......# #.#
##.#.# ...............# #.#
#.#.# #..............#####.#
#...# #..............'..##.#
####..####..............##.##.##
........##..............#......#
........###.............#..#####
.....>..................#..#


You could see a hobgoblin.

Vanquished Creatures
  A dart slug (D:1)
  A goblin (D:2)
  3 bats (D:1)
  A rat (D:1)
6 creatures vanquished.

Notes
Turn   | Place    | Note
-------+----------+-------------------------------------------
     0 | D:1      | Esekla the Human Summoner began the quest for the Orb.
     0 | D:1      | Reached XP level 1. HP: 13/13 MP: 3/3
   536 | D:1      | Reached XP level 2. HP: 6/20 MP: 5/5
   847 | D:1      | Slain by a hobgoblin

Levels and vault maps discovered:
D:1:      lightli_arrival_statue_moat, layout_basic
D:2:      layout_loops_ring

Action                   || total
-------------------------++-------
Melee: Dagger            ||    68
       Unarmed           ||    17
  Use: Potion            ||     4
Armor: Robe              ||    32
Dodge: Dodged            ||    73

Table legend:
 A = Non-vault XP
 B = Vault XP
 C = Vault XP percentage of total XP
 D = Non-vault monster count
 E = Vault monster count
 F = Vault count percentage of total count
                 A         B        C        D         E       F
            +---------+---------+-------+---------+---------+-------
      Total |      11 |       0 |   0.0 |       6 |       0 |   0.0
            +---------+---------+-------+---------+---------+-------
        D:1 |       9 |       0 |   0.0 |       5 |       0 |   0.0
        D:2 |       2 |       0 |   0.0 |       1 |       0 |   0.0
            +---------+---------+-------+---------+---------+-------
